 Dungeon Crawl Stone Soup version 0.28.0-53-g5a82cb258f (webtiles) character file.

Game seed: 9464295236357433178

281 VictoriousLee the Digger (level 6, -5/32 HPs)
             Began as a Gargoyle Earth Elementalist on June 11, 2022.
             Slain by an iguana (7 damage)
             ... on level 4 of the Dungeon.
             The game lasted 00:22:15 (3584 turns).

VictoriousLee the Digger (GrEE)                     Turns: 3584, Time: 00:22:16

Health: -5/32      AC:  7    Str: 11    XL:     6   Next: 27%
Magic:  7/9        EV: 11    Int: 18    God:
Gold:   173        SH:  0    Dex: 10    Spells: 3/9 levels left

rFire   . . .      SeeInvis .   a - +1 short sword (freeze)
rCold   + . .      Faith    .   (no shield)
rNeg    + . .      Spirit   .   b - +0 robe
rPois   ∞          Reflect  .   (no helmet)
rElec   +          Harm     .   (no cloak)
rCorr   +          Rampage  .   (no gloves)
Will    .....                   v - +0 pair of boots
Stlth   ++........              (no amulet)
HPRegen 0.10/turn               n - ring of protection from cold
MPRegen 0.11/turn               C - ring of resist corrosion

@: no status effects
A: sickness immunity, AC +4, negative energy resistance 1, electricity
resistance, torment resistance 1, petrification resistance
a: no special abilities


You were on level 4 of the Dungeon.
You visited 1 branch of the dungeon, and saw 4 of its levels.

You collected 173 gold pieces.

Inventory:

Hand Weapons
 a - a +1 short sword of freezing (weapon)
 m - a +0 flail
 q - a +0 hand axe
Missiles
 c - 141 stones
 k - 43 arrows
 l - 17 sling bullets
 r - 5 atropa-tipped darts
 s - 9 poisoned darts
 t - 17 bolts
 x - 5 boomerangs
 A - a throwing net
Armour
 b - a +0 robe (worn)
 g - a +0 ring mail
 v - a +0 pair of boots (worn)
 w - a +0 leather armour
 z - a +0 scale mail
Jewellery
 n - a ring of protection from cold (left hand)
 C - a ring of resist corrosion (right hand)
Scrolls
 e - a scroll of blinking {unknown}
 h - a scroll of enchant weapon {unknown}
 o - a scroll of immolation {unknown}
 u - 2 scrolls of brand weapon {unknown}
 y - a scroll of silence {unknown}
 B - a scroll of teleportation {unknown}
Potions
 d - a potion of berserk rage
 f - 2 potions of haste {unknown}
 i - a potion of resistance {unknown}
 j - 2 potions of flight
 p - 3 potions of curing {unknown}


   Skills:
 - Level 1.5 Dodging
 - Level 2.1 Stealth
 - Level 2.0 Spellcasting
 + Level 4.3 Conjurations
 - Level 0.7 Transmutations
 * Level 6.5 Earth Magic


You had 3 spell levels left.
You knew the following spells:

 Your Spells              Type           Power      Damage    Failure   Level
a - Stone Arrow           Conj/Erth      42%        3d9       6%          3
p - Passwall              Tmut/Erth      11%        N/A       6%          2
s - Sandblast             Erth           50%        2d12      1%          1

Your spell library contained the following spells:

 Spells                   Type           Power      Damage    Failure   Level
 Petrify                  Tmut/Erth      14%        N/A       38%         4
 Fireball                 Conj/Fire      4%         3d4       91%         5
 Starburst                Conj/Fire      4%         6d4       100%        6
 Ignition                 Fire           0%         3d3       100%        8


Dungeon Overview and Level Annotations

Branches:
Dungeon (4/15)
 Temple: D:4-7

Altars:
Ru

Shops:
D:1 =


Innate Abilities, Weirdness & Mutations

You are immune to sickness and miasma.
Your stone body is resilient. (AC +4)
You are immune to poison.
You resist negative energy. (rN+)
You are resistant to electric shocks. (rElec)
You are resistant to unholy torment.
You are immune to petrification.


Message History

The orc hits you with a +0 hand axe.
You hit the orc. You freeze the orc.
The orc is severely wounded.
The orc barely misses you.
An iguana comes into view.
You closely miss the orc.
The orc is severely wounded.
The orc hits you with a +0 hand axe.
The iguana hisses angrily.
You hit the orc. You freeze the orc.
You kill the orc!
Aiming: Sandblast (safe; 1% risk of failure)
Press: ? - help, Q - select action, (/) - cycle Shift-Dir - straight line, f - iguana
Aim: an iguana (83% to hit)
The blast of sand hits the iguana.
The iguana is heavily wounded.
Aiming: Sandblast (safe; 1% risk of failure)
Press: ? - help, Q - select action, (/) - cycle Shift-Dir - straight line, f/p - iguana
Aim: an iguana (heavily wounded, 83% to hit)
The blast of sand hits the iguana.
The iguana is almost dead.
Unknown command.
You hit the iguana but do no damage.
The iguana is almost dead.
The iguana bites you but does no damage.
You closely miss the iguana.
The iguana is almost dead.
The iguana barely misses you.
You hit the iguana. You freeze the iguana.
The iguana is almost dead.
The iguana bites you.
You hit the iguana but do no damage.
The iguana is almost dead.
The iguana bites you!
You barely miss the iguana. You punch the iguana, but do no damage.
The iguana is almost dead.
The iguana bites you!
* * * LOW HITPOINT WARNING * * *
The iguana bites you!
You die...

#.......#...##.....##
#.......'...##......###
#.......#...####[....†.
##.....##...# ########
##..[###...# .#######
#...# ..(...####...#
#......##...+s.....
#...l@##...#......
#...)..#...##...!Z
###........# #h.h#
#################
..##.# #.##.##
#.###.#...###
#............
#######.#...###


You could see an iguana.

Vanquished Creatures
  A black bear (D:3)
  A jelly (D:4)
  An orc priest (D:3)
  A hound (D:4)
  3 gnolls (D:2)
  2 worms (D:2)
  A dart slug (D:3)
  4 orcs
  7 endoplasms
  3 giant cockroaches
  8 hobgoblins
  4 ball pythons
  4 bats
  2 frilled lizards (D:2)
  11 goblins
  6 kobolds
  4 rats
63 creatures vanquished.

Notes
Turn   | Place    | Note
-------+----------+-------------------------------------------
     0 | D:1      | VictoriousLee the Gargoyle Earth Elementalist began the
                  | quest for the Orb.
     0 | D:1      | Reached XP level 1. HP: 10/10 MP: 3/3
   140 | D:1      | Reached skill level 4 in Earth Magic
   228 | D:1      | Reached XP level 2. HP: 15/15 MP: 5/5
   357 | D:1      | Reached skill level 1 in Conjurations
   512 | D:1      | Found Feotoh's One-of-a-Kind Rings.
   555 | D:1      | Reached XP level 3. HP: 17/19 MP: 6/6
   559 | D:1      | Learned a level 3 spell: Stone Arrow
   820 | D:1      | Learned a level 2 spell: Passwall
  1141 | D:2      | Found a faded altar of an unknown god.
  1431 | D:2      | Found a sacrificial altar of Ru.
  1529 | D:2      | Reached XP level 4. HP: 24/24 MP: 2/7
  2113 | D:3      | Reached skill level 5 in Earth Magic
  2328 | D:3      | Noticed a black bear
  2334 | D:3      | HP: 1/24 [orc priest/nerve-wracking pain (2)]
  2336 | D:3      | Reached XP level 5. HP: 2/28 MP: 4/8
  3043 | D:3      | Killed a black bear
  3044 | D:3      | Reached skill level 6 in Earth Magic
  3498 | D:4      | Reached XP level 6. HP: 30/32 MP: 5/9
  3524 | D:4      | Noticed a black bear
  3524 | D:4      | Noticed a black bear
  3584 | D:4      | Slain by an iguana

Illustrated notes

Levels and vault maps discovered:
D:1:      nicolae_arrival_somewhat_less_tricky_arrival, layout_rooms,
          chequers_serial_rivers_micro_a, nicolae_shop_unique_rings
D:2:      layout_basic, hellmonk_ecumenical_altar_lost_god, basic_altar
D:3:      layout_basic, kennysheep_generic_room_12
D:4:      minmay_opposing_rooms, layout_loops_ring, gup_sewer_entry_bowl,
          chequers_hall_statues_corner_a, st_stairs_12

Skill      XL: |  1  2  3  4  5 |
---------------+----------------+-----
Earth Magic    | 4 5 6 |  6.5
Conjurations   | 1 2 3 4 |  4.3
Dodging        | |  1.5
Stealth        | |  2.1
Spellcasting   | |  2.0
Transmutations | |  0.7

Action                   |  1- 3 |  4- 6 || total
-------------------------+-------+-------++-------
Melee: Short sword       |    78 |    50 ||   128
       Punch             |       |     1 ||     1
Throw: Dart              |       |     3 ||     3
 Cast: Sandblast         |    20 |    24 ||    44
  Use: Scroll            |       |     2 ||     2
Armor: Robe              |    25 |    16 ||    41
Dodge: Dodged            |    39 |    28 ||    67
